 Dungeon Crawl Stone Soup version 0.17-a0-1115-g0372368 (console) character file.

175 Monkaria the Skirmisher (level 5, 0/42 HPs)
             Began as a Demonspawn Chaos Knight on May 23, 2015.
             Slain by a hobgoblin
             ... wielding a +0 club
              (3 damage)
             ... on level 3 of the Dungeon.
             The game lasted 00:02:44 (2512 turns).

Monkaria the Skirmisher (Demonspawn Chaos Knight)   Turns: 2512, Time: 00:02:44

Health: 0/42       AC:  6    Str: 13      XL:     5   Next: 29%
Magic:  0/5        EV: 17    Int: 13      God:    Xom [..*...]
Gold:   160        SH:  0    Dex: 14 (18) Spells: 0 memorised, 4 levels left

rFire  . . .     SeeInvis .     a - +0 falchion (chaos)
rCold  . . .     Clarity  .     b - +2 leather armour
rNeg   . . .     SustAt   .     (no shield)
rPois  .         Gourm    .     (no helmet)
rElec  .         Spirit   +     (no cloak)
rCorr  .         Warding  .     (no gloves)
rMut   .         Stasis   .     o - +0 pair of boots
MR     .....                    (no amulet)
Stlth  ++........               (no ring)
                                s - ring of teleport control

@: agile, flying, very slightly contaminated, invisible, not resistant to
hostile enchantments, unstealthy
A: magic shield, magic regeneration
a: Renounce Religion, Evoke Teleport Control


You were on level 3 of the Dungeon.
You worshipped Xom.
You were a toy of Xom.
You were not hungry.

You visited 1 branch of the dungeon, and saw 4 of its levels.

You collected 160 gold pieces.

Inventory:

Hand weapons
 a - a +0 falchion of chaos (weapon)
Missiles
 q - 4 tomahawks (quivered)
Armour
 b - a +2 leather armour (worn)
 o - a +0 pair of boots (worn)
Jewellery
 s - a ring of teleport control (left hand)
Scrolls
 g - a scroll of enchant armour {unknown}
 h - a scroll of blinking {unknown}
 i - a scroll of amnesia {unknown}
 k - 2 scrolls of immolation {unknown}
 m - a scroll of identify {unknown}
Potions
 e - 3 potions of flight
 j - a potion of degeneration
 n - a potion of invisibility
Comestibles
 c - 3 bread rations
 d - 5 meat rations
 l - a beef jerky
 p - a chunk of flesh
 r - 4 fruits


   Skills:
 - Level 4.0 Fighting
 - Level 2.6 Long Blades
 - Level 4.0 Armour
 + Level 1.9 Dodging


You had 4 spell levels left.
You didn't know any spells.

Dungeon Overview and Level Annotations

Branches:
Dungeon (4/15)
 Temple: D:4-7

Altars:
Dithmenos
Nemelex Xobeh
Okawaru


Innate Abilities, Weirdness & Mutations

When hurt, damage is shared between your health and your magic reserves.
You regenerate magic rapidly.


Message History

The magic dart hits the orc.
Something hits you.
* * * LOW HITPOINT WARNING * * *
The orc misses you.
You are very lightly contaminated with residual magic.
You barely miss the orc.
The orc is heavily wounded.
Something barely misses you. The orc barely misses you.
You hit the orc. You burn the orc.
You kill the orc!
Something barely misses you.
The orc wizard points at you and mumbles some strange words.
The magic dart hits you!
* * * LOW HITPOINT WARNING * * *
You see here a leather armour.
Unknown command.
You hit the orc wizard. You drain the orc wizard!
You kill the orc wizard!
Something hits you.
You die... "I guess I need a new plaything now."

############# ## #...........# .#
#.#########.# .#
#.#.......#.############ .#
#.#.#####.#.#.....÷..... .#
#.#.#####.#.#.#########. .#
#.#.##....#.#.#.......#.
.#########.#.##.####.#.#.#####.#.
.........).....)@>o..#.#<# #.#.
.............##.######.### #.#.
#.#############.# ##)##### #.#.
#.##.....# #.# #......# #.#.
#.##.###.######.# #..###.###.#.
#)##.# #......).#####..# #.....#.
#.##.# #######.....##÷.##########
#.##.#########.....##............
#.##................#.###########


You could see an orc.

Vanquished Creatures
  A hound (D:3)
  An orc wizard (D:3)
  5 adders
  An ooze (D:3)
  3 giant geckos
  6 orcs
  2 ball pythons
  7 bats
  2 giant cockroaches
  8 goblins
  5 hobgoblins
  A quokka (D:3)
  A giant newt (D:2)
  3 kobolds
  22 rats
68 creatures vanquished.

Notes
Turn   | Place    | Note
--------------------------------------------------------------
     0 | D:1      | Monkaria the Demonspawn Chaos Knight began the quest for the Orb.
     0 | D:1      | Reached XP level 1. HP: 18/18 MP: 1/1
    54 | D:1      | Gained mutation: When hurt, damage is shared between your health and your magic reserves. [demonic ancestry]
    54 | D:1      | Reached XP level 2. HP: 18/24 MP: 2/2
    59 | D:1      | XOM: divination: detect creatures
    60 | D:1      | XOM: silly message
   118 | D:1      | XOM: divination: magic mapping
   204 | D:1      | Reached skill level 4 in Fighting
   720 | D:2      | Gained mutation: You regenerate magic rapidly. [demonic ancestry]
   720 | D:2      | Reached XP level 3. HP: 26/30 MP: 1/3
   760 | D:2      | XOM: divination: magic mapping
  1132 | D:2      | XOM: divination: detect items
  1256 | D:2      | Found a sparkling altar of Nemelex Xobeh.
  1509 | D:3      | XOM: mild Conj miscast
  1517 | D:3      | Reached XP level 4. HP: 8/37 MP: 1/4
  1605 | D:3      | XOM: silly message
  1778 | D:3      | Found an iron altar of Okawaru.
  1904 | D:3      | XOM: harmless Divn miscast
  2168 | D:3      | Found a shadowy altar of Dithmenos.
  2419 | D:3      | Reached skill level 1 in Dodging
  2419 | D:3      | Reached XP level 5. HP: 34/42 MP: 3/5
  2511 | D:3      | HP: 2/42 [orc wizard/magic dart (2)]
  2512 | D:3      | Slain by a hobgoblin

Vault maps used:
D:1:      erik_arrival_orb_chamber, minmay_stone_trees_small
D:2:      nemelex_xobeh_ov_fountains_minmay, first_bread
D:3:      okawaru_trees_1, grunt_dithmenos_smoke_and_mirrors
D:4:      fedhas_bush_and_centaur_altar, nicolae_ru_sacrificial_ziggurat

Action                   |  1- 3 |  4- 6 || total
-------------------------+-------+-------++-------
Melee: Falchion          |   117 |    85 ||   202
  Use: Potion            |       |     4 ||     4
 Stab: Paralysed         |     1 |       ||     1
  Eat: Chunk             |     1 |     4 ||     5
